Map: [ESL] Hecate

Players

ByuN - Winner!

  • Race: Terran Terran
  • Spawn Location: 1:00

Firefly

  • Race: Protoss Protoss
  • League: Master
  • Spawn Location: 7:00

Event: IEM Katowice 2024

VOD

Have the link to the VOD?

Description

Time

  • Played on: Feb. 9, 2024, 12:56 p.m.
  • Length: 3:47

All games in this series

Show
View Real Time Build Order
Export as new Build Order

ByuN Terran - Winner!

Build Orders:  

Get SALT Encoding   

  12  0:00  SCV  
  13  0:12  SCV  
  14  0:17  Supply Depot  
  14  0:24  SCV  
  15  0:38  SCV  
  15  0:39  Barracks  
  16  0:43  Refinery  
  17  0:58  Barracks  
  17  1:00  SCV  
  17  1:12  SCV  
  18  1:26  Marine  
  19  1:42  Command Center  
  19  1:46  Barracks Tech Lab  
  19  1:49  Barracks Reactor  
  19  2:00  Supply Depot  
  19  2:06  Marauder  
  21  2:11  Concussive Shells  
  21  2:27  Marine x2  
  21  2:28  Marauder  
  25  2:33  SCV  
  26  2:45  Marine x2  
  28  2:53  Marauder  
  30  3:04  Bunker  
  30  3:07  Marine x2  
  30  3:10  SCV  
  32  3:16  Marauder  
  34  3:22  SCV  
  34  3:24  Marine  
Show
View Real Time Build Order
Export as new Build Order

Firefly Protoss 

Build Orders: 1 Gate Expand 

Get SALT Encoding   

  12  0:00  Probe  
  13  0:12  Probe  
  14  0:17  Pylon  
  14  0:24  Probe  
  15  0:35  Gateway  
  15  0:36  Probe (Chrono Boost)  
  16  0:46  Probe (Chrono Boost)  
  16  0:47  Assimilator  
  17  0:51  Probe (Chrono Boost)  
  18  1:03  Probe  
  19  1:15  Probe  
  20  1:22  Cybernetics Core  
  20  1:32  Nexus  
  20  1:39  Pylon  
  20  1:42  Probe  
  21  1:50  Assimilator  
  21  1:55  Probe  
  21  1:56  Adept (Chrono Boost)  
  21  1:59  Warp Gate  
  24  2:07  Probe  
  25  2:19  Probe  
  26  2:24  Twilight Council  
  26  2:31  Probe (Chrono Boost)  
  26  2:33  Stalker  
  29  2:38  Gateway  
  29  2:43  Probe (Chrono Boost)  
  30  2:48  Probe (Chrono Boost)  
  32  2:51  Probe (Chrono Boost)  
  32  2:56  Probe (Chrono Boost)  
  33  3:01  Shield Battery  
  33  3:03  Stalker (Chrono Boost)  
  35  3:08  Pylon  
  33  3:17  Gateway  

Tags
 
Add a new tag
Caveats
  • Supply blocks, unpowered buildings, or Contaminate may cause inaccurate times.
  • Supply counts are checked every 10 seconds.